 Dungeon Crawl Stone Soup version 0.32-a0-643-ga006e7742e (console) character file.

Game seed: 12377019022658786981

77 zenocrate the Digger (level 4, -1/27 HPs)
             Began as an Octopode Earth Elementalist on Mar 7, 2024.
             Slain by a gnoll
             ... wielding a +0 halberd
              (13 damage)
             ... on level 3 of the Dungeon.
             The game lasted 00:04:03 (2298 turns).

zenocrate the Digger (Octopode Earth Elementalist)  Turns: 2298, Time: 00:04:03

Health: -1/27      AC:  1    Str:  7    XL:     4   Next: 34%
Magic:  5/8        EV: 13    Int: 19    God:
Gold:   107        SH:  0    Dex: 12    Spells: 1/8 levels left

rFire   . . .        a - +2 dagger (protect)
rCold   . . .        (no shield)
rNeg    . . .        (helmet restricted)
rPois   .            (no amulet)
rElec   .            n - ring of willpower
rCorr   .            (no ring)
SInv    .            (no ring)
Will    +....        (no ring)
Stlth   +++          (no ring)
HPRegen 0.24/turn    (no ring)
MPRegen 0.11/turn    (no ring)
                     (no ring)

%: no passive effects
@: no status effects
A: almost no armour, amphibious, 8 rings, camouflage 1, gelatinous body 1,
(nimble swimmer 1), tentacles
a: no special abilities


You were on level 3 of the Dungeon.
You visited 1 branch of the dungeon, and saw 3 of its levels.

You collected 107 gold pieces.

Inventory:

Hand Weapons
 a - a +2 dagger of protection (weapon)
Missiles
 g - a throwing net
Jewellery
 n - a ring of willpower (left tentacle)
Talismans
 d - a flux talisman
Scrolls
 b - a scroll of summoning {unknown}
 f - 2 scrolls of vulnerability
 i - 2 scrolls of fog {unknown}
 m - a scroll of noise {unknown}
Potions
 c - 4 potions of enlightenment
 e - 2 potions of lignification
 h - 3 potions of curing
 j - a potion of magic
 l - a potion of degeneration {unknown}


   Skills:
 + Level 2.4 Dodging
 - Level 2.6 Stealth
 + Level 2.8 Spellcasting
 + Level 1.9 Conjurations
 + Level 3.4 Earth Magic
 + Level 1.0 Shapeshifting


You had one spell level left.
You knew the following spells:

 Your Spells              Type           Power      Damage    Failure   Level
a - Sandblast             Erth           30%        2d9       3%          1
b - Stone Arrow           Conj/Erth      26%        3d8       16%         3
c - Passwall              Erth           15%        N/A       11%         3

Your spell library contained the following spells:

 Spells                   Type           Power      Damage    Failure   Level
 Dazzling Flash           Conj/Hex       12%        N/A       30%         3
 Hailstorm                Conj/Ice       6%         3d5       30%         3
 Inner Flame              Hex/Fire       2%         N/A       43%         3
 Summon Ice Beast         Ice/Summ       2%         N/A       43%         3
 Volatile Blastmotes      Fire/Tloc      4%         2d10      43%         3
 Brom's Barrelling Bould  Conj/Erth      13%        2d4       45%         4
 Petrify                  Alch/Erth      9%         N/A       58%         4
 Irradiate                Conj/Alch      3%         3d12      96%         5
 Sculpt Simulacrum        Ice/Alch       1%         N/A       100%        6
 Starburst                Conj/Fire      3%         6d3       100%        6
 Ignition                 Fire           1%         3d3       100%        8
 Maxwell's Capacitive Co  Air            1%         ∞         100%        8


Dungeon Overview and Level Annotations

Branches:
Dungeon (3/15)

Altars:

Annotations:
D:3 1 runed translucent door, Crazy Yiuf


Innate Abilities, Weirdness & Mutations

You cannot wear most types of armour.
You are amphibious.
You can wear up to eight rings at the same time.
Your skin changes colour to match your surroundings (Stealth+).
Your rubbery body absorbs attacks. (AC +1, EV +1)
((You are camouflaged when in or above water. (Stealth+)))
You have tentacles for arms and can constrict up to eight enemies at once.


Message History

Aim: a bat (73% to hit)
The blast of sand hits the bat.
You kill the bat!
The gnoll shouts! x2
There are monsters nearby!
Casting: Sandblast (safe; 3% risk of failure)
Confirm with . or Enter, or press ? or * to list all spells.
Aiming: Sandblast (safe; 3% risk of failure)
Press: ? - help, Shift-Dir - straight line, f - frilled lizard
Aim: a frilled lizard (70% to hit)
The blast of sand hits the frilled lizard!
You kill the frilled lizard!
The gnoll barely misses you.
There is an open door here.
Casting: Sandblast (safe; 3% risk of failure)
Confirm with . or Enter, or press ? or * to list all spells.
Aiming: Sandblast (safe; 3% risk of failure)
Press: ? - help, Shift-Dir - straight line, f - gnoll
Aim: a gnoll, wielding a +0 halberd (84% to hit)
The blast of sand misses the gnoll.
The blast of sand hits the gnoll.
The gnoll is moderately wounded.
The gnoll completely misses you.
Casting: Sandblast (safe; 3% risk of failure)
Confirm with . or Enter, or press ? or * to list all spells.
Aiming: Sandblast (safe; 3% risk of failure)
Press: ? - help, Shift-Dir - straight line, f/p - gnoll
Aim: a gnoll, wielding a +0 halberd (84% to hit)
The blast of sand hits the gnoll.
The gnoll is moderately wounded.
The gnoll closely misses you. x2; The gnoll hits you with a +0 club.
The gnoll hits you from afar with a +0 halberd.
The gnoll hits you from afar with a +1 halberd of holy wrath!
Ouch! That really hurt!
* * * LOW HITPOINT WARNING * * *
Okay, then.
You feel much better.
The gnoll hits you from afar with a +0 halberd!
The gnoll hits you with a +0 club. The gnoll closely misses you.
The gnoll hits you from afar with a +0 halberd!
You die...

### ##.##
##...###############
#.....##............
##..#........###.###
.######..†##.###.###.#
#
.........###.........#
# #######@##
#####.....### ##g##
#........


#ggg# #####.### #..†..# ## #.# #.......# ##.##.# #.........####...#.###
+.........+........... #.........####...#.### ##.......## ##.##.# ##.....## #..
..# #. #### You could see 4 gnolls.

Vanquished Creatures
  2 adders (D:2)
  2 ribbon worms (D:2)
  An orc (D:3)
  2 endoplasms (D:2)
  4 giant cockroaches
  4 goblins
  3 hobgoblins
  A jackal (D:1)
  5 quokkas
  8 ball pythons
  5 bats
  6 frilled lizards
  6 kobolds
  4 rats
53 creatures vanquished.

Notes
Turn   | Place    | Note
-------+----------+-------------------------------------------
     0 | D:1      | zenocrate the Octopode Earth Elementalist began the quest
                  | for the Orb.
     0 | D:1      | Reached XP level 1. HP: 11/11 MP: 3/3
   187 | D:1      | Reached XP level 2. HP: 10/17 MP: 3/5
   797 | D:1      | Reached XP level 3. HP: 21/21 MP: 4/6
   801 | D:1      | Learned a level 3 spell: Stone Arrow
  1431 | D:2      | Reached XP level 4. HP: 27/27 MP: 5/8
  1435 | D:2      | Learned a level 3 spell: Passwall
  1588 | D:2      | Reached skill level 1 in Shapeshifting
  1832 | D:3      | Found a runed translucent door.
  1833 | D:3      | Noticed Crazy Yiuf
  2297 | D:3      | HP: 1/27 [gnoll/+1 halberd of holy wrath (16)]
  2298 | D:3      | Slain by a gnoll

Illustrated notes

Levels and vault maps discovered:
D:1:      scummos_arrival_hexagon, layout_rooms, kennysheep_nondescript,
          serial_park_tiny_1, minmay_hexomino_r4
D:2:      layout_loops_cross, nrook_mini_vaults, kennysheep_generic_room_5
D:3:      layout_loops_corners, uniq_crazy_yiuf_cottage

Skill      XL: |  1  2  3  4 |
---------------+-------------+-----
Shapeshifting  | 1 |  1.0
Dodging        | |  2.4
Stealth        | |  2.6
Spellcasting   | |  2.8
Conjurations   | |  1.9
Earth Magic    | |  3.4

Action                     |  1- 3 |  4- 6 || total
---------------------------+-------+-------++-------
  Melee: Unarmed           |    13 |       ||    13
         Tentacles         |     5 |     1 ||     6
         Constrict         |     6 |     1 ||     7
         Dagger            |     6 |     4 ||    10
   Cast: Sandblast         |    42 |    17 ||    59
    Use: Scroll            |     4 |     1 ||     5
         Potion            |       |     1 ||     1
   Stab: Sleeping          |     1 |       ||     1
 Armour: Skin              |    20 |     7 ||    27
  Dodge: Dodged            |    19 |     9 ||    28

Table legend: (Time is in decaauts)
 A = Elapsed time spent in this place.
 B = Non-inter-level travel time spent in this place.
 C = Inter-level travel time spent in this place.
 D = Time resting spent in this place.
 E = Time spent auto-exploring this place.
 F = Levels seen in this place.
 G = Mean time per level.
                   A        B        C        D        E       F      G
               +--------+--------+--------+--------+--------+-----+--------+
         Total |   2326 |   2279 |     47 |    121 |   1795 |   3 |  775.3 |
       Dungeon |   2326 |   2279 |     47 |    121 |   1795 |   3 |  775.3 |
               +--------+--------+--------+--------+--------+-----+--------+

Top non-repeatable levels by time:
     D:2: 955 daAuts
     D:1: 862 daAuts
     D:3: 507 daAuts
